 Dungeon Crawl Stone Soup version 0.29.1-15-g9cfb28693d (webtiles) character file.

Game seed: 7379393456580194867

25 GigaChad the Chopper (level 2, -4/22 HPs)
             Began as a Demonspawn Gladiator on Mar 11, 2023.
             Slain by a worm (8 damage)
             ... on level 3 of the Dungeon.
             The game lasted 00:01:57 (2092 turns).

GigaChad the Chopper (Demonspawn Gladiator)         Turns: 2092, Time: 00:01:57

Health: -4/22      AC:  4    Str: 14    XL:     2   Next: 82%
Magic:  2/2        EV:  8    Int:  9    God:
Gold:   131        SH: 10    Dex: 14    Spells: 1/1 levels left

rFire   . . .      SeeInvis .   a - +0 war axe
rCold   . . .      Faith    .   l - +0 tower shield
rNeg    . . .      Spirit   .   b - +0 leather armour
rPois   .          Reflect  .   c - +0 helmet
rElec   .          Harm     .   (no cloak)
rCorr   .          Rampage  .   (no gloves)
Will    .....                   (no boots)
Stlth   +.........              (no amulet)
HPRegen 0.07/turn               (no ring)
MPRegen 0.08/turn               (no ring)

@: no status effects
A: foul stench 1
a: no special abilities


You were on level 3 of the Dungeon.
You visited 1 branch of the dungeon, and saw 3 of its levels.

You collected 131 gold pieces.

Inventory:

Hand Weapons
 a - a +0 war axe (weapon)
Missiles
 d - 3 throwing nets (quivered)
 e - a javelin
Armour
 b - a +0 leather armour (worn)
 c - a +0 helmet (worn)
 l - a +0 tower shield (worn)
Jewellery
 p - a ring of fire
Scrolls
 g - 2 scrolls of magic mapping {unknown}
 h - 2 scrolls of immolation {unknown}
 i - a scroll of brand weapon {unknown}
 j - a scroll of noise
 n - a scroll of teleportation {unknown}
Potions
 f - a potion of invisibility {unknown}
 k - 2 potions of heal wounds {unknown}
 m - a potion of curing {unknown}
 o - a potion of brilliance {unknown}


   Skills:
 * Level 2.2 Fighting
 + Level 3.2 Axes
 + Level 1.9 Throwing
 * Level 0.7 Armour
 + Level 2.8 Dodging


You had one spell level left.
You didn't know any spells.
Your spell library was empty.

Dungeon Overview and Level Annotations

Branches:
Dungeon (3/15)

Altars:


Innate Abilities, Weirdness & Mutations

You may rarely emit foul miasma when damaged in melee.


Message History

You hit the ball python.
You kill the ball python!
A worm comes into view.
Found a stone staircase leading down.
You see here a ball python corpse.
A worm is nearby!
A worm is nearby!
Found a stone staircase leading up.
The worm bites you.
You hit the worm but do no damage. The worm barely misses you.
You barely miss the worm. The worm barely misses you.
You hit the worm.
The worm is lightly wounded.
The worm closely misses you.
You hit the worm.
The worm is heavily wounded.
You block the worm's attack.
You barely miss the worm.
The worm is heavily wounded.
The worm completely misses you.
You hit the worm but do no damage.
The worm is moderately wounded.
The worm bites you!
You hit the worm.
The worm is heavily wounded.
You block the worm's attack.
You hit the worm but do no damage.
The worm is heavily wounded.
You block the worm's attack.
You barely miss the worm.
The worm is heavily wounded.
The worm bites you.
You barely miss the worm.
The worm is heavily wounded.
The worm bites you.
* * * LOW HITPOINT WARNING * * *
You hit the worm.
The worm is heavily wounded.
The worm bites you!
You die...

#.# ######
#...(..... #.#
#....# #.........
#.# #....######
#........) #.#
#.........#
#.........
#.########.........#
#.........
#..........†.......#
#####+####
############.......#
# ####.......### .
#.....@....... #
#.....w.......
#............# ##
#.........>... .
#...........## #..
#........<..# #..#
#...........# #...
#######+##### #..
#.##


You could see a worm.

Vanquished Creatures
  2 bats (D:1)
  4 endoplasms
  A giant cockroach (D:2)
  4 goblins
  A hobgoblin (D:3)
  2 quokkas
  2 ball pythons
  3 frilled lizards
  2 rats
21 creatures vanquished.

Vanquished Creatures (others)
  2 withered plants (D:2)
2 creatures vanquished.

Grand Total: 23 creatures vanquished

Notes
Turn   | Place    | Note
-------+----------+-------------------------------------------
     0 | D:1      | GigaChad the Demonspawn Gladiator began the quest for the
                  | Orb.
     0 | D:1      | Reached XP level 1. HP: 16/16 MP: 1/1
   485 | D:1      | Reached skill level 3 in Axes
   485 | D:1      | Gained mutation: You may rarely emit foul miasma when
                  | damaged in melee. [demonic ancestry]
   485 | D:1      | Reached XP level 2. HP: 22/22 MP: 2/2
   924 | D:2      | You fall into a shaft and drop 1 floor!
  1020 | D:2      | Found a faded altar of an unknown god.
  2092 | D:3      | Slain by a worm

Illustrated notes

Levels and vault maps discovered:
D:1:      onia_arrival_mini_maze, layout_basic
D:2:      layout_loops_cross, ebering_ecumenical_altar_petrified
D:3:      layout_basic, minmay_quadrilaterals

Skill      XL: |  1 |
---------------+----+-----
Axes           | 3 |  3.2
Fighting       | |  2.2
Throwing       | |  1.9
Armour         | |  0.7
Dodging        | |  2.8

Action                   || total
-------------------------++-------
Melee: War axe           ||    81
  Use: Scroll            ||     1
Armor: Leather armour    ||    39
Dodge: Dodged            ||    55
Block: Tower shield      ||    23
